 Dungeon Crawl Stone Soup version 0.21.1-1-g345015f (webtiles) character file.

1163 twistedcrescendo the Basher (level 8, -6/78 HPs)
             Began as a Minotaur Berserker on June 27, 2018.
             Was an Elder of Trog.
             Engulfed by a cloud of freezing vapour (17 damage)
             ... on level 5 of the Dungeon.
             The game lasted 00:22:04 (4226 turns).

twistedcrescendo the Basher (Minotaur Berserker)    Turns: 4226, Time: 00:22:04

Health: -6/78      AC:  6    Str: 23    XL:     8   Next: 17%
Magic:  7/7        EV: 11    Int:  4    God:    Trog [****..]
Gold:   145        SH:  0    Dex: 11    Spells: 7/7 levels left

rFire    + . .     SeeInvis .   n - +2 mace (crush)
rCold    . . .     Gourm    .   (no shield)
rNeg     . . .     Faith    .   w - +1 ring mail {rF+}
rPois    .         Spirit   .   (helmet restricted)
rElec    .         Reflect  .   (no cloak)
rCorr    .         Harm     .   (no gloves)
MR       .....                  (no boots)
Stlth    +.........             (no amulet)
HPRegen  0.23/turn              (no ring)
MPRegen  0.10/turn              (no ring)

@: no status effects
A: retaliatory headbutt, horns 2
a: Berserk, Trog's Hand, Brothers in Arms, Burn Spellbooks, Renounce Religion


You were on level 5 of the Dungeon.
You worshipped Trog.
Trog was greatly pleased with you.
You were hungry.

You visited 1 branch of the dungeon, and saw 5 of its levels.

You collected 223 gold pieces.
You spent 78 gold pieces at shops.

Inventory:

Hand Weapons
 a - a +0 mace
 n - a +2 mace of crushing (weapon)
Missiles
 q - 63 sling bullets
Armour
 g - a +0 chain mail
 r - a +0 shield
 w - a +1 ring mail of fire resistance (worn)
 B - a +0 plate armour
Jewellery
 u - an uncursed amulet of magic regeneration {unknown}
 y - a cursed -4 ring of intelligence {unknown}
 A - an uncursed ring of ice {unknown}
 D - an uncursed ring of flight {unknown}
Scrolls
 b - 2 scrolls of teleportation
 d - 7 scrolls of remove curse {unknown}
 i - a scroll of magic mapping {unknown}
 l - 7 scrolls of identify {unknown}
 v - a scroll of fear {unknown}
 x - a scroll of random uselessness
 C - a scroll of enchant weapon {unknown}
 E - a scroll of blinking {unknown}
Potions
 e - a potion of mutation {unknown}
 f - 2 potions of haste {unknown}
 h - a potion of ambrosia {unknown}
 j - 3 potions of degeneration {unknown}
 k - 2 potions of curing {unknown}
 m - a potion of might {unknown}
 p - 2 potions of brilliance {unknown}
 s - 2 potions of heal wounds {unknown}
 t - 4 potions of flight {unknown}
 z - a potion of experience {unknown}
Comestibles
 c - 5 rations


   Skills:
 + Level 9.0 Fighting
 + Level 9.0 Maces & Flails
 - Level 2.5 Armour
 - Level 2.3 Dodging


You had 7 spell levels left.
You didn't know any spells.

Dungeon Overview and Level Annotations

Branches:
Dungeon (5/15)             Temple (0/1) D:5

Altars:
Cheibriados
Hepliaklqana
Makhleb
Ru

Shops:
D:4 *(}


Innate Abilities, Weirdness & Mutations

You reflexively headbutt those who attack you in melee.
You have a pair of horns on your head.


Message History

There is a stone staircase leading up, spattered with blood here.
Things that are here:
a leather armour; a short sword
Things that are here:
a robe; a dagger of speed You see here a robe.
You see here a chain mail.
You see here 19 arrows.
Really walk into a travel-excluded area?
Uppercase [Y]es or [N]o only, please.
Really walk into a travel-excluded area?
There is an open door here.
There is an open door here.
You are engulfed in freezing vapours.
You are engulfed in freezing vapours.
You are feeling hungry.
You are engulfed in freezing vapours.
* * * LOW HITPOINT WARNING * * *
You are engulfed in freezing vapours.
You die...

...# #....##...............#.#
...# #....##...............#.#
...# #.....'..........##'#>#.#
#### #....##..........##.#.#.#
#...[#...#.########.#...#
############.#.###.# #.#####
#............#.....########......
#............####################
#............#§§@§§§§§§§....$$$$$
############[#§##################
#<#.§§§§§§§§§...§§§§..
#.#################8'8
#.##............##....
#######.##............##.... ##
#........#............##.... .#
#...)..).#........[...##.... .#
#......[[#[...........##....


There were no monsters in sight!

Vanquished Creatures
  A water moccasin (D:5)
  2 phantoms
  The ghost of eyesofgods1 the Insei, an amateur DsTm (D:3)
  2 howler monkeys
  2 crimson imps (D:5)
  A bullfrog zombie (D:5)
  2 orc priests (D:5)
  A hound (D:5)
  A bullfrog skeleton (D:5)
  An iguana (D:5)
  7 orc wizards
  A worker ant (D:4)
  A killer bee zombie (D:5)
  9 adders
  A howler monkey skeleton (D:4)
  A shadow imp (D:5)
  2 oozes
  2 worms (D:2)
  4 dart slugs
  3 leopard geckos
  15 orcs
  2 ball pythons (D:1)
  12 bats
  7 giant cockroaches
  6 goblins
  9 hobgoblins
  16 jackals
  2 quokkas
  7 frilled lizards
  9 kobolds
  2 rats
132 creatures vanquished.

Notes
Turn   | Place    | Note
-------+----------+-------------------------------------------
     0 | D:1      | twistedcrescendo the Minotaur Berserker began the quest for the Orb.
     0 | D:1      | Reached XP level 1. HP: 19/19 MP: 0/0
    51 | D:1      | Reached XP level 2. HP: 23/27 MP: 1/1
   263 | D:1      | Reached ** piety under Trog
   263 | D:1      | Reached XP level 3. HP: 33/34 MP: 2/2
   805 | D:2      | Reached XP level 4. HP: 36/41 MP: 3/3
   857 | D:2      | Reached skill level 5 in Fighting
   857 | D:2      | Reached skill level 5 in Maces & Flails
  1649 | D:3      | Noticed eyesofgods1's ghost (amateur DsTm)
  1656 | D:3      | Killed eyesofgods1's ghost
  1656 | D:3      | Reached XP level 5. HP: 39/50 MP: 4/4
  1826 | D:3      | Reached *** piety under Trog
  1915 | D:3      | Found a snail-covered altar of Cheibriados.
  2112 | D:3      | Found a sacrificial altar of Ru.
  2214 | D:3      | Found a hazy altar of Hepliaklqana.
  2323 | D:4      | Found Ijogueg's Antique Weapon Shop.
  2336 | D:4      | Noticed a phantom
  2358 | D:4      | Killed a phantom
  2358 | D:4      | Reached XP level 6. HP: 46/58 MP: 5/5
  2495 | D:4      | Found Ynatwog's Gadget Shop.
  2713 | D:4      | Found Poqo's Assorted Antiques.
  2719 | D:4      | Bought a green potion for 25 gold pieces
  2719 | D:4      | Bought a scroll labeled PUXZEH BI QYU for 28 gold pieces
  2719 | D:4      | Bought an inky potion for 25 gold pieces
  2785 | D:4      | Reached XP level 7. HP: 64/66 MP: 6/6
  2973 | D:5      | Entered Level 5 of the Dungeon
  3163 | D:5      | Reached **** piety under Trog
  3225 | D:5      | Reached XP level 8. HP: 39/75 MP: 7/7
  3520 | D:5      | Found a burning altar of Makhleb.
  3618 | D:5      | Found a staircase to the Ecumenical Temple.
  4226 | D:5      | Engulfed by a cloud of freezing vapour

Skill      XL: |  1  2  3  4  5  6  7  8 |
---------------+-------------------------+-----
Fighting       | 4 5 6 7 8 9 |  9.0
Maces & Flails | 4 5 6 7 8 9 |  9.0
Armour         | |  2.5
Dodging        | |  2.3

Action                   |  1- 3 |  4- 6 |  7- 9 || total
-------------------------+-------+-------+-------++-------
Melee: Mace              |    78 |   148 |    79 ||   305
       Headbutt          |    13 |    22 |    23 ||    58
Invok: Berserk           |       |       |     1 ||     1
  Use: Scroll            |       |       |     3 ||     3
  Eat: Chunk             |       |     6 |     5 ||    11
Armor: Animal skin       |     5 |       |       ||     5
       Chain mail        |    30 |    82 |    29 ||   141
       Ring mail         |       |       |     3 ||     3
Dodge: Dodged            |    49 |    60 |    43 ||   152
